Map: Cactus Valley LE (Void)

Players

Optimus

  • Race: Terran Terran
  • Spawn Location: 7:00

McMonroe - Winner!

  • Race: Zerg Zerg
  • Spawn Location: 1:00

Event: WCS Austin 2017

VOD

Have the link to the VOD?

Description

Time

  • Played on: April 28, 2017, 6:13 p.m.
  • Length: 17:24

All games in this series

Show
View Real Time Build Order
Export as new Build Order

Optimus Terran 

Build Orders: Hellion Opening, Reaper Expand, Bio Mine 

Get SALT Encoding   

  12  0:00  SCV  
  13  0:12  SCV  
  14  0:18  Supply Depot  
  14  0:25  SCV  
  14  0:28  Refinery  
  15  0:39  SCV  
  16  0:44  Barracks  
  16  0:51  SCV  
  17  1:03  SCV  
  18  1:15  SCV  
  19  1:31  Reaper, Orbital Command  
  20  1:44  Command Center  
  20  1:54  Factory  
  20  1:57  SCV  
  21  2:06  Barracks Reactor  
  21  2:08  Supply Depot  
  21  2:12  SCV  
  22  2:17  Refinery  
  22  2:24  SCV  
  23  2:36  SCV  
  24  2:42  Starport  
  24  2:46  Hellion  
  24  2:47  Hellion  
  24  2:50  Barracks Tech Lab  
  28  2:57  Orbital Command  
  28  2:59  SCV  
  29  3:10  Hellion x2  
  29  3:12  SCV  
  34  3:23  SCV  
  34  3:24  Viking  
  34  3:26  SCV  
  38  3:31  Supply Depot  
  37  3:37  SCV  
  40  3:41  Hellion x2  
  40  3:43  SCV  
  43  3:50  SCV  
  43  3:54  Supply Depot, Raven  
  43  3:55  SCV  
  47  4:02  SCV  
  48  4:07  Hellion x2, SCV  
  53  4:12  Armory  
  53  4:18  Supply Depot, SCV  
  53  4:19  SCV  
  55  4:28  Hellion  
  55  4:29  Hellion  
  55  4:30  SCV  
  60  4:35  SCV  
  61  4:39  Raven  
  63  4:45  Command Center  
  63  4:47  SCV  
  63  4:52  Supply Depot  
  64  4:54  Barracks Tech Lab  
  64  4:56  SCV  
  65  5:01  SCV  
  65  5:05  Barracks  
  65  5:06  Factory Reactor  
  64  5:10  Barracks  
  64  5:12  SCV  
  63  5:16  Engineering Bay  
  63  5:17  Engineering Bay  
  59  5:21  SCV  
  59  5:24  Stimpack, SCV  
  51  5:32  Marine  
  51  5:33  SCV  
  51  5:35  Starport Reactor  
  49  5:38  SCV  
  49  5:41  Refinery x2  
  50  5:50  Marine  
  50  5:51  SCV  
  50  5:52  Barracks x2  
  53  5:57  SCV  
  53  5:58  Factory Reactor  
  53  6:03  Orbital Command  
  53  6:04  SCV  
  55  6:05  Marine  
  55  6:09  SCV  
  56  6:11  Marine x2  
  56  6:16  SCV  
  59  6:19  Marine  
  59  6:20  Marine  
  59  6:22  Terran Infantry Weapons Level 1  
  59  6:23  Terran Infantry Armor Level 1, Marine  
  62  6:26  SCV  
  62  6:28  Orbital Command  
  62  6:29  Marine  
  64  6:34  Medivac x2  
  64  6:37  SCV  
  64  6:38  SCV  
  70  6:41  Marine  
  70  6:42  Marine  
  70  6:43  Factory Reactor  
  72  6:49  SCV  
  72  6:53  Barracks x2, Marine  
  72  6:54  Marine x3  
  75  6:57  Marine  
  75  7:00  Supply Depot  
  78  7:02  SCV x2  
  78  7:03  SCV  
  78  7:08  Combat Shields  
  81  7:09  Marine x2  
  83  7:16  Marine x4  
  83  7:17  Marine  
  88  7:26  Barracks, SCV x2  
  88  7:27  Barracks  
  90  7:33  Widow Mine x2  
  90  7:34  Marine x4  
  90  7:36  Bunker  
  98  7:39  Supply Depot, SCV  
  99  7:44  Barracks Tech Lab x2  
  99  7:46  SCV  
  100  8:01  Medivac x2, Marauder x2  
  108  8:05  Marine  
  108  8:07  Marine  
  108  8:08  Marauder  
  108  8:11  Supply Depot  
  108  8:13  Supply Depot, Concussive Shells  
  108  8:14  Factory  
  108  8:15  Supply Depot, Marine  
  108  8:16  Barracks Reactor x2  
  109  8:20  Terran Infantry Weapons Level 2, Terran Infantry Armor Level 2  
  109  8:31  Supply Depot x2  
  109  8:33  Marauder x3, Marine x2  
  117  8:34  Widow Mine x2  
  117  8:35  Marauder, Marine  
  117  8:37  Refinery  
  124  8:55  Marauder x3  
  130  8:57  Marauder, Command Center  
  130  8:58  Marine x2  
  134  9:03  Medivac  
  134  9:04  Medivac  
  134  9:06  Widow Mine x2  
  134  9:07  Factory Tech Lab  
  142  9:11  SCV  
  142  9:12  Marine x5  
  142  9:16  Marauder  
  149  9:33  Supply Depot, Medivac, Marine x4  
  149  9:34  Marauder  
  149  9:36  Supply Depot  
  157  9:46  Drilling Claws  
  157  9:47  Marine  
  157  9:48  Marine x3  
  157  9:49  Marauder x2, Marine  
  157  9:54  Widow Mine x2  
  157  9:55  Marauder x2, Marine  
  157  9:59  Refinery  
  157  10:00  Medivac  
  157  10:03  Medivac  
  161  10:10  Marauder  
  149  10:15  Thor  
  149  10:18  Marine  
  149  10:19  Marauder, Marine x5  
  154  10:31  Bunker  
  154  10:33  Widow Mine  
  154  10:34  Widow Mine  
  154  10:35  Marauder x2  
  160  10:40  Missile Turret  
  160  10:42  Marine x3  
  163  10:57  Marine x8  
  163  10:59  SCV x2  
  163  11:02  SCV  
  175  11:04  Marine x2  
  175  11:08  Marine  
  175  11:09  Marine  
  179  11:11  Planetary Fortress  
  179  11:17  Widow Mine  
  178  11:21  Bunker  
  178  11:31  SCV x2  
  180  11:33  Marine  
  180  11:34  Marine x4  
  185  11:44  Refinery, Marauder  
  185  11:46  Medivac x2  
  173  11:47  Marine  
  173  11:52  Widow Mine x2  
  177  11:55  SCV x2  
  177  11:58  SCV x2  
  181  12:04  Marine x2  
  181  12:09  Thor  
  181  12:11  Sensor Tower  
  181  12:14  Missile Turret  
  187  12:16  Missile Turret  
  184  12:33  Marine  
  184  12:34  Marine x3  
  188  12:38  SCV  
  188  12:42  Supply Depot x2  
  188  12:46  Marine  
  188  12:48  Engineering Bay  
  188  12:53  Marine  
  188  13:00  Supply Depot x2, Marine  
  188  13:03  Marine x7  
  188  13:04  Marauder x2  
  199  13:06  Marine  
  199  13:10  Missile Turret  
  199  13:12  Missile Turret  
  200  13:25  Marine x2  
  200  13:26  Marine  
  200  13:28  Widow Mine  
  200  13:30  Thor  
  197  13:34  Marine x2  
  197  13:37  Marine  
  197  13:38  Marine x4  
  197  13:41  Medivac x2  
  188  13:43  Widow Mine, Marine x2  
  184  13:52  Marine x2  
  184  13:55  Marine  
  186  13:56  Widow Mine, Marauder, Marine x3  
  186  14:01  Marine x2  
  189  14:04  SCV x2  
  154  14:10  Marine x2  
  154  14:11  Medivac x2  
  154  14:12  Marine  
  154  14:13  Marine x2  
  154  14:14  Marine  
  138  14:17  Marine  
  138  14:18  Marine  
  138  14:19  Marine  
  118  14:26  SCV x2  
  118  14:27  Marine  
  118  14:28  Marine  
  118  14:29  Widow Mine x2  
  118  14:30  Marine  
  119  14:31  Marine x3  
  119  14:35  Marine  
  119  14:36  Marine  
  119  14:37  Marine  
  127  14:41  Medivac x2  
  127  14:45  Marine x2  
  131  14:48  Marine  
  131  14:49  Marine x3  
  137  14:53  Marine  
  137  14:54  Marine x2  
  137  14:56  Engineering Bay  
  137  14:58  Engineering Bay  
  137  15:01  Widow Mine x3, Engineering Bay  
  137  15:02  Engineering Bay, Armory  
  137  15:03  Marine x2  
  137  15:06  Marine  
  146  15:07  Marine  
  146  15:10  Marauder x2  
  146  15:11  Marine  
  146  15:12  Marine x2  
  154  15:17  Medivac  
  154  15:21  Marine x2  
  156  15:24  Marine  
  156  15:25  Marine  
  160  15:29  Widow Mine, Marauder  
  160  15:31  Marauder x2  
  161  15:35  Medivac  
  162  15:44  Marine x6  
  162  15:47  Medivac  
  169  15:50  Marauder  
  169  15:53  Marauder  
  171  15:57  Refinery  
  171  15:58  Refinery  
  171  15:59  Marine  
  171  16:01  Marine  
  171  16:02  Marine x3  
  176  16:07  Marine  
  176  16:08  Marine  
  178  16:11  Marine  
  178  16:13  Marine  
  178  16:17  Marine  
  172  16:19  Marine x4  
  172  16:24  Medivac  
  177  16:25  Marine  
  177  16:26  Marine  
  177  16:29  Marauder  
  177  16:32  Marauder  
  170  16:35  Marauder  
  170  16:37  Marine x4  
  173  16:46  Marine  
  153  16:50  Marine  
  153  16:51  Marauder  
  153  16:53  Marauder  
  158  16:55  Marine x4  
  158  16:56  Marine  
  156  17:04  Marine  
Show
View Real Time Build Order
Export as new Build Order

McMonroe Zerg - Winner!

Build Orders: Hatch First, Muta Ling Bane 

Get SALT Encoding   

  12  0:00  Drone  
  13  0:13  Overlord  
  13  0:19  Drone  
  14  0:31  Drone x2  
  14  0:35  Drone  
  17  0:52  Hatchery  
  17  0:55  Drone  
  17  0:58  Drone  
  17  1:02  Extractor  
  17  1:13  Spawning Pool  
  17  1:16  Drone  
  17  1:19  Drone  
  18  1:28  Drone  
  19  1:39  Overlord  
  19  2:00  Queen  
  21  2:01  Zergling x4  
  21  2:03  Queen  
  21  2:04  Metabolic Boost  
  21  2:07  Zergling x2  
  26  2:11  Drone  
  27  2:18  Drone  
  27  2:22  Drone  
  29  2:26  Drone  
  30  2:34  Overlord  
  30  2:36  Queen  
  31  2:37  Drone  
  31  2:43  Queen  
  34  2:46  Drone  
  34  2:51  Overlord  
  35  2:56  Drone  
  36  3:00  Drone  
  36  3:05  Drone  
  38  3:10  Drone x3  
  38  3:12  Drone  
  42  3:13  Drone x3  
  45  3:29  Hatchery  
  45  3:30  Overlord  
  44  3:38  Drone x3  
  44  3:40  Zergling x2  
  48  3:47  Queen  
  50  3:50  Zergling x6  
  50  3:54  Overlord  
  53  4:01  Queen  
  55  4:05  Overlord  
  55  4:06  Overlord  
  55  4:11  Drone x4  
  59  4:18  Evolution Chamber  
  59  4:20  Evolution Chamber  
  57  4:26  Drone, Overlord  
  57  4:28  Drone x2  
  57  4:29  Drone x2  
  62  4:35  Drone x3  
  65  4:39  Drone  
  65  4:43  Queen  
  65  4:45  Spore Crawler  
  67  4:46  Drone x2  
  67  4:50  Drone  
  67  4:52  Overlord, Spore Crawler  
  69  4:57  Zerg Melee Weapons Level 1  
  69  5:07  Queen x2  
  69  5:14  Zergling x16  
  74  5:25  Queen  
  74  5:26  Drone x6  
  75  5:29  Drone x3  
  77  5:39  Zerg Ground Armor Level 1  
  77  5:40  Drone, Baneling Nest  
  78  5:42  Drone  
  78  5:43  Drone  
  78  5:47  Drone x2  
  78  5:51  Drone  
  78  5:53  Lair  
  78  5:56  Extractor  
  78  5:59  Drone x3  
  81  6:10  Drone x5  
  83  6:13  Extractor  
  83  6:16  Drone x6  
  87  6:23  Drone  
  88  6:27  Drone  
  88  6:29  Overlord, Extractor  
  88  6:34  Hatchery  
  87  6:40  Drone x2  
  87  6:41  Hatchery  
  87  6:43  Extractor  
  87  6:46  Extractor  
  86  6:47  Zergling x8  
  88  6:54  Centrifical Hooks  
  88  6:56  Drone x4  
  88  6:59  Zergling x12  
  98  7:09  Zerg Melee Weapons Level 2  
  98  7:14  Overlord x6  
  98  7:28  Overlord x2  
  98  7:34  Drone x10  
  98  7:36  Zerg Ground Armor Level 2  
  108  7:42  Spire  
  108  7:44  Overseer  
  107  7:45  Baneling x8  
  107  7:46  Zergling x2  
  107  7:49  Zergling x6  
  111  7:57  Zergling x12  
  114  8:10  Zergling x26  
  125  8:27  Zergling x18  
  134  8:36  Zergling x2, Baneling x8  
  134  8:37  Zergling x6  
  138  8:42  Drone x3  
  138  8:47  Drone x4  
  138  8:48  Zergling x12  
  148  8:55  Extractor  
  147  8:57  Mutalisk x4  
  147  9:01  Overlord x2  
  155  9:05  Mutalisk  
  157  9:10  Mutalisk x3  
  161  9:24  Zerg Flyer Weapons Level 1  
  161  9:25  Mutalisk x4, Overseer  
  161  9:26  Mutalisk  
  161  9:28  Zergling x14  
  178  9:31  Zergling x4  
  178  9:34  Overlord  
  176  9:39  Mutalisk x2  
  176  9:41  Zergling x4  
  176  9:43  Overlord  
  176  9:44  Overlord  
  174  9:55  Baneling x13  
  174  9:56  Zergling x2  
  174  9:57  Zergling x18  
  183  10:10  Mutalisk x2  
  183  10:11  Mutalisk  
  183  10:13  Zergling x8  
  183  10:19  Zergling x6  
  180  10:29  Mutalisk x4  
  180  10:34  Zergling x6  
  187  10:46  Zergling x18  
  187  10:48  Baneling x14  
  196  10:52  Hatchery  
  196  10:53  Baneling x4  
  196  10:54  Zergling x8  
  190  11:17  Mutalisk x4  
  196  11:20  Baneling  
  196  11:21  Baneling x4  
  196  11:28  Infestation Pit  
  196  11:30  Drone x4  
  196  11:31  Extractor  
  198  11:39  Baneling x4  
  198  11:42  Zergling x2  
  197  12:12  Hive  
  197  12:15  Zerg Flyer Weapons Level 2  
  197  12:19  Mutalisk  
  199  12:23  Hatchery  
  195  12:34  Baneling x6  
  192  12:41  Zergling x16  
  197  12:59  Zergling x6  
  199  13:25  Baneling x9  
  199  13:26  Baneling x7  
  197  13:32  Zergling x2  
  197  13:33  Zergling x20  
  196  13:38  Zergling x18  
  196  13:39  Zergling x20  
  189  13:49  Zergling x22  
  198  13:57  Baneling x9  
  198  13:58  Zergling x6  
  198  14:01  Overlord  
  198  14:02  Overlord x12  
  174  14:11  Overseer x2  
  174  14:15  Zergling x18  
  166  14:21  Zergling x2  
  166  14:22  Zergling x8  
  158  14:27  Adrenal Glands, Zerg Melee Weapons Level 3, Zerg Ground Armor Level 3  
  158  14:30  Mutalisk x8  
  171  14:39  Zergling x2  
  171  14:40  Zergling x10  
  171  14:41  Baneling x9  
  171  14:42  Baneling x18  
  177  14:47  Drone x4  
  177  14:51  Zergling x6  
  184  14:57  Zergling x8  
  184  14:59  Hatchery  
  187  15:01  Zergling x4  
  189  15:07  Ultralisk Cavern  
  189  15:11  Zergling x12  
  189  15:12  Zergling x2  
  193  15:32  Zergling x14  
  192  15:43  Drone x6  
  192  15:44  Drone  
  197  15:56  Hatchery  
  196  15:58  Chitinous Plating  
  196  16:04  Zergling x12  
  199  16:18  Extractor  
  185  16:31  Zergling x2, Ultralisk x3  
  184  16:50  Baneling x2  
  184  16:51  Zergling x28  
  184  16:52  Zergling x8  
  196  16:56  Baneling x8  
  196  16:59  Baneling  
  196  17:00  Baneling x4  
  193  17:01  Zergling x14  
Tags
 
Add a new tag
Caveats
  • Supply blocks, unpowered buildings, or Contaminate may cause inaccurate times.
  • Supply counts are checked every 10 seconds.